 Dungeon Crawl Stone Soup version 0.20-a0-296-gf222164 (webtiles) character file.

51 theclanless the Slasher (level 3, 0/19 HPs)
             Began as a Vine Stalker Berserker on Dec 14, 2016.
             Was a Believer of Trog.
             Succumbed to a kobold's poison
             ... on level 2 of the Dungeon.
             The game lasted 00:02:13 (890 turns).

theclanless the Slasher (Vine Stalker Berserker)     Turns: 890, Time: 00:02:13

Health: 0/19       AC:  3    Str: 19    XL:     3   Next: 81%
Magic:  4/4        EV: 12    Int:  7    God:    Trog [**....]
Gold:   35         SH:  0    Dex: 14    Spells: 2/2 levels left

rFire  . . .     SeeInvis .     a - +0 falchion
rCold  . . .     Gourm    .     k - +0 leather armour
rNeg   . . .     Faith    .     (no shield)
rPois  .         Spirit   +     (no helmet)
rElec  .         Reflect  .     (no cloak)
rCorr  .         Harm     .     (no gloves)
MR     .....                    (no boots)
Stlth  +.........               j - amulet of rage
                                (no ring)
                                (no ring)

@: lethally poisoned (0 -> -19), exhausted
A: fangs 2, magic shield, antimagic bite, no device heal 3, rot immunity
a: Berserk, Trog's Hand, Burn Spellbooks, Renounce Religion, Evoke Berserk Rage


You were on level 2 of the Dungeon.
You worshipped Trog.
Trog was pleased with you.
You were not hungry.

You visited 1 branch of the dungeon, and saw 2 of its levels.

You collected 35 gold pieces.

Inventory:

Hand Weapons
 a - a +0 falchion (weapon)
Armour
 b - a +0 animal skin
 k - a +0 leather armour (worn)
Jewellery
 j - an amulet of rage (around neck)
Scrolls
 e - a scroll of remove curse {unknown}
 f - a scroll of teleportation {unknown}
 g - a scroll of identify {unknown}
 h - a scroll of enchant armour {unknown}
 l - a scroll of fog {unknown}
 n - a scroll of amnesia {unknown}
Potions
 d - 2 potions of curing {unknown}
 i - a potion of berserk rage {unknown}
Comestibles
 c - a bread ration
 m - a meat ration
 o - 4 chunks of flesh


   Skills:
 + Level 2.9 Fighting
 * Level 3.1 Long Blades
 + Level 2.0 Armour
 * Level 2.1 Dodging
 * Level 0.6 Evocations


You had 2 spell levels left.
You didn't know any spells.

Dungeon Overview and Level Annotations

Branches:
Dungeon (2/15)

Altars:


Innate Abilities, Weirdness & Mutations

You have extremely sharp teeth.
When hurt, damage is shared between your health and your magic reserves.
Your bite disrupts and absorbs the magic of your enemies.
Potions and wands cannot restore your health.
You are immune to rotting.


Message History

You feel yourself speed up.
A kobold comes into view. It is wielding a short sword of venom.
The kobold shouts!
The kobold throws a stone.
The stone hits you.
The kobold throws a stone.
The stone hits you.
You see here a stone.
The kobold throws a stone.
The stone hits you but does no damage.
You see here a stone.
The kobold hits you with a short sword of venom.
You are lethally poisoned!
You barely miss the kobold. Your bite misses the kobold.
You feel sick.
The kobold hits you with a short sword of venom.
You are more poisoned.
You completely miss the kobold. Your bite misses the kobold.
You feel sick.
The kobold hits you with a short sword of venom.
* * * LOW HITPOINT WARNING * * *
You closely miss the kobold. You bite the kobold. You drain its power.
You feel invigorated.
The kobold is severely wounded.
You die...

#.# #.# #.#
#.#.# #.#.#
#.#.# #.#K#
#.#@# #.#.#
#######.#(#
.......รท..#
#######.###
###.# #
#...# ##
#.###
.#####.# #.#


You could see a kobold.

Vanquished Creatures
  2 adders (D:2)
  An ooze (D:2)
  A leopard gecko (D:1)
  2 giant cockroaches (D:1)
  3 goblins (D:1)
  5 hobgoblins
  7 kobolds
  2 bats (D:1)
  2 frilled lizards
  5 rats
30 creatures vanquished.

Notes
Turn   | Place    | Note
-------+----------+-------------------------------------------
     0 | D:1      | theclanless the Vine Stalker Berserker began the quest for the Orb.
     0 | D:1      | Reached XP level 1. HP: 11/11 MP: 2/2
   124 | D:1      | Reached XP level 2. HP: 11/16 MP: 3/3
   733 | D:2      | Reached skill level 3 in Long Blades
   746 | D:2      | Reached XP level 3. HP: 15/19 MP: 4/4
   759 | D:2      | Reached ** piety under Trog
   890 | D:2      | Succumbed to a kobold's poison

Vault maps used:
D:1:      dpeg_arrival_arbitrary_b, kennysheep_pointless_box
D:2:      gammafunk_temple_overflow_statue

Skill      XL: |  1  2  3 |
---------------+----------+-----
Dodging        | 2 |  2.1
Long Blades    | 3 |  3.1
Armour         | 2 |  2.0
Fighting       | |  2.9
Evocations     | |  0.6

Action                   || total
-------------------------++-------
Melee: Falchion          ||    66
       Bite              ||    16
Invok: Berserk           ||     2
       Trog's Hand       ||     1
 Stab: Sleeping          ||     1
  Eat: Chunk             ||     2
Armor: Animal skin       ||     5
       Leather armour    ||     7
Dodge: Dodged            ||    40
       Rpst.: Falchion   ||    11
